 Dungeon Crawl Stone Soup version 0.24.0-1-gfbc8707 (webtiles) character file.

Game seed: 15615110222490902938, levelgen mode: deterministic

39 Buxparty the Poker (level 3, -1/28 HPs)
             Began as a Mummy Gladiator on Jan 4, 2020.
             Slain by a leopard gecko (5 damage)
             ... on level 1 of the Dungeon.
             The game lasted 00:01:27 (753 turns).

Buxparty the Poker (Mummy Gladiator)                 Turns: 753, Time: 00:01:28

Health: -1/28      AC:  4    Str: 18    XL:     3   Next: 28%
Magic:  3/3        EV: 12    Int:  7    God:
Gold:   16         SH:  0    Dex: 13    Spells: 2/2 levels left

rFire    x . .     SeeInvis .   a - +0 trident
rCold    + . .     Gourm    .   (no shield)
rNeg     + + +     Faith    .   b - +0 leather armour
rPois    ∞         Spirit   .   c - +0 helmet
rElec    .         Reflect  .   (no cloak)
rCorr    .         Harm     .   (no gloves)
MR       .....                  (no boots)
Stlth    +.........             h - amulet of the acrobat
HPRegen  0.09/turn              (no ring)
MPRegen  0.08/turn              (no ring)

@: no status effects
A: no food or potions, fire vulnerability, cold resistance 1, negative energy
resistance 3, torment resistance, unbreathing
a: no special abilities


You were on level 1 of the Dungeon.
You were not hungry.

You visited 1 branch of the dungeon, and saw 1 of its levels.

You collected 16 gold pieces.

Inventory:

Hand Weapons
 a - a +0 trident (weapon)
Missiles
 d - 3 throwing nets (quivered)
Armour
 b - a +0 leather armour (worn)
 c - a +0 helmet (worn)
Jewellery
 h - an amulet of the acrobat (around neck)
Scrolls
 e - a scroll of remove curse {unknown}
 f - a scroll of fear {unknown}
 g - 2 scrolls of identify {unknown}


   Skills:
 + Level 2.5 Fighting
 * Level 3.1 Polearms
 - Level 1.5 Throwing
 + Level 2.7 Dodging


You had 2 spell levels left.
You didn't know any spells.
Your spell library was empty.

Dungeon Overview and Level Annotations

Branches:
Dungeon (1/15)

Altars:


Innate Abilities, Weirdness & Mutations

You do not eat or drink.
Your flesh is vulnerable to fire.
You are immune to poison.
Your flesh is cold resistant. (rC+)
You are immune to negative energy. (rN+++)
You are immune to unholy pain and torment.
You can survive without breathing.


Message History

The leopard gecko completely misses you.
The kobold completely misses you.
You see here a +0 club.
You barely miss the kobold.
The leopard gecko bites you but does no damage.
The kobold hits you but does no damage. The kobold misses you.
The leopard gecko bites you.
You hit the kobold.
The kobold is severely wounded.
The kobold hits you with a +0 short sword.
* * * LOW HITPOINT WARNING * * *
The leopard gecko closely misses you. The kobold completely misses you.
You hit the kobold.
You kill the kobold!
The leopard gecko bites you but does no damage.
The kobold hits you but does no damage.
You barely miss the leopard gecko. The leopard gecko barely misses you.
The kobold hits you but does no damage. The leopard gecko barely misses you.
You barely miss the leopard gecko. The leopard gecko bites you.
You die...

..............#....#
..............#...[. .
.............#..... #.
###............... #..
###...........#... #...
#.............#... #....
#.............#...
#.....#.............#...
......l@)...(.......#...
......K.............#...
.......###..........#...
....... #......... ####
....... #.........
....... ##########
....... .......


You could see a leopard gecko and a kobold.

Vanquished Creatures
  2 oozes (D:1)
  A dart slug (D:1)
  A leopard gecko (D:1)
  A giant cockroach (D:1)
  2 goblins (D:1)
  3 hobgoblins (D:1)
  4 jackals (D:1)
  4 bats (D:1)
  3 frilled lizards (D:1)
  4 kobolds (D:1)
  A rat (D:1)
26 creatures vanquished.

Notes
Turn   | Place    | Note
-------+----------+-------------------------------------------
     0 | D:1      | Buxparty the Mummy Gladiator began the quest for the Orb.
     0 | D:1      | Reached XP level 1. HP: 16/16 MP: 1/1
    99 | D:1      | Reached XP level 2. HP: 6/22 MP: 2/2
   448 | D:1      | Reached skill level 3 in Polearms
   455 | D:1      | Reached XP level 3. HP: 28/28 MP: 3/3
   753 | D:1      | Slain by a leopard gecko

Levels and vault maps discovered:
D:1:      saegor_arrival_under_anarchy, layout_basic

Skill      XL: |  1  2 |
---------------+-------+-----
Polearms       | 3 |  3.1
Fighting       | |  2.5
Throwing       | |  1.5
Dodging        | |  2.7

Action                   || total
-------------------------++-------
Melee: Trident           ||    82
Armor: Leather armour    ||    33
Dodge: Dodged            ||    69
